 Seeded DCSS version 0.30.1-11-g7821555f0a (webtiles) character file.

Game seed: 8523377297202275043 (custom seed)

55 strifetoe the Slasher (level 4, -3/35 HPs)
             Began as a Formicid Fighter on Nov 9, 2023.
             Slain by a gnoll
             ... wielding a +0 flail
              (11 damage)
             ... on level 2 of the Dungeon.
             The game lasted 00:00:58 (1195 turns).

strifetoe the Slasher (Formicid Fighter)            Turns: 1195, Time: 00:00:59

Health: -3/35      AC:  6    Str: 23    XL:     4   Next: 14%
Magic:  4/4        EV:  9    Int:  7    God:
Gold:   70         SH:  5    Dex: 13    Spells: 3/3 levels left

rFire   . . .        k - +11 Singing Sword {sonic wave}
rCold   . . .        c - +0 buckler
rNeg    . . .        b - +0 scale mail
rPois   .            (helmet unavailable)
rElec   .            (no cloak)
rCorr   .            (no gloves)
SInv    +            (no boots)
Will    .....        (no amulet) Stlth
                     (no ring)
HPRegen 0.25/turn    (no ring)
MPRegen 0.09/turn

%: no passive effects
@: no status effects
A: permanent stasis, dig shafts and tunnels, antennae 3, four strong arms
a: Dig, Shaft Self


You were on level 2 of the Dungeon.
You visited 1 branch of the dungeon, and saw 2 of its levels.

You collected 70 gold pieces.

Inventory:

Hand Weapons
 a - a +0 long sword
 k - the +11 Singing Sword (weapon) {sonic wave}
   (You found it on level 1 of the Dungeon)
Armour
 b - a +0 scale mail (worn)
 c - a +0 buckler (worn)
Scrolls
 e - 2 scrolls of noise {unknown}
 f - 2 scrolls of identify {unknown}
 i - a scroll of enchant weapon {unknown}
 j - a scroll of fear {unknown}
 l - a scroll of fog {unknown}
 m - a scroll of teleportation {unknown}
 n - a scroll of vulnerability {unknown}
Potions
 d - a potion of might
 g - a potion of heal wounds {unknown}
 h - a potion of degeneration {unknown}


   Skills:
 - Level 3.2 Fighting
 + Level 4.1 Long Blades
 - Level 3.2 Armour
 - Level 4.0 Shields


You had 3 spell levels left.
You didn't know any spells.
Your spell library contained the following spells:

 Spells                   Type           Power      Damage    Failure   Level
 Apportation              Tloc           0%         N/A       80%         1
 Necrotise                Necr           0%         1d4       80%         1
 Summon Small Mammal      Summ           0%         N/A       80%         1


Dungeon Overview and Level Annotations

Branches:
Dungeon (2/15)

Altars:

Shops:
D:2 *:


Innate Abilities, Weirdness & Mutations

You cannot be hasted, slowed, berserked, paralysed or teleported.
You can dig through walls and to a lower floor.
You have a pair of large antennae on your head. (SInv)
Your four strong arms can wield two-handed weapons with a shield.


Message History

The gnoll completely misses you. The worm bites you.
You are too injured to fight recklessly!
You are too injured to fight recklessly!
You are too injured to fight recklessly!
You are too injured to fight recklessly!
You are too injured to fight recklessly!
You are too injured to fight recklessly!
You are too injured to fight recklessly!
You are too injured to fight recklessly!
You are too injured to fight recklessly!
You are too injured to fight recklessly!
You are too injured to fight recklessly!
You are too injured to fight recklessly!
You are too injured to fight recklessly!
You are too injured to fight recklessly!
You are too injured to fight recklessly!
Unknown command.
You are too injured to fight recklessly!
You slash the gnoll!
You kill the gnoll!
The gnoll hits you with a +0 flail. The worm bites you.
* * * LOW HITPOINT WARNING * * *
The gnoll barely misses you.
Your Long Blades skill increases to level 4!
You have reached level 4!
You feel stronger. The gnoll hits you with a +0 flail.
* * * LOW HITPOINT WARNING * * *
The rat bites you but does no damage.
Items here: ( )) †.
Unknown command.
The rat barely misses you. The gnoll attacks as you move away!
The gnoll hits you but does no damage.
Unknown command.
The rat attacks as you move away! The rat bites you.
* * * LOW HITPOINT WARNING * * *
The bat hits you but does no damage.
Unknown command.
The gnoll attacks as you move away! The gnoll hits you with a +0 flail!
You die...

##.....## #.# .......#
#.# .#.###.# #.# #
.#.# #.# #.# .. .#∩#
#.#####.########.#
.#.# ..#....†).......#
.#.#...#.##.........#
##.#......#..w..rb#..#
...†...........g@.#
#......<.....⌠._.⌠?.#
#..........#......#.#
#............⌠...⌠# #
#.##...#.....##.###
#.# ......... #.# #.<
......... ... #..
####... #. .. ..


You could see a worm, a gnoll, a bat and a rat.

Vanquished Creatures
  2 gnolls (D:2)
  An adder (D:2)
  2 dart slugs
  3 ball pythons (D:1)
  6 bats
  An endoplasm (D:2)
  2 giant cockroaches (D:1)
  2 hobgoblins
  2 kobolds
  A quokka (D:2)
  A rat (D:2)
23 creatures vanquished.

Notes
Turn   | Place    | Note
-------+----------+-------------------------------------------
     0 | D:1      | strifetoe the Formicid Fighter began the quest for the Orb.
     0 | D:1      | Reached XP level 1. HP: 18/18 MP: 1/1
   172 | D:1      | Reached XP level 2. HP: 24/24 MP: 2/2
   910 | D:1      | Found the +11 Singing Sword {sonic wave}
   999 | D:2      | Found Ysiwko's Book Shop.
  1020 | D:2      | Reached XP level 3. HP: 29/29 MP: 3/3
  1074 | D:2      | Found Equenil's Assorted Antiques.
  1181 | D:2      | Found a faded altar of an unknown god.
  1191 | D:2      | Reached XP level 4. HP: 9/35 MP: 4/4
  1195 | D:2      | Slain by a gnoll

Illustrated notes

Levels and vault maps discovered:
D:1:      saegor_arrival_miasma, layout_basic, minivault_5
D:2:      layout_loops_ring, hellmonk_ecumenical_altar_run_dry, serial_shops,
          shop, shop, nicolae_shop_tiny_glass,
          nicolae_shop_tiny_real_fake_doors, skrybe_limestone_x

Skill      XL: |  1  2  3 |
---------------+----------+-----
Long Blades    | 3 4 |  4.1
Fighting       | |  3.2
Armour         | |  3.2
Shields        | |  4.0

Action                     |  1- 3 |  4- 6 || total
---------------------------+-------+-------++-------
  Melee: Long sword        |    30 |       ||    30
         Double sword      |    17 |       ||    17
 Armour: Scale mail        |    25 |     3 ||    28
  Dodge: Dodged            |    23 |     1 ||    24
  Block: Buckler           |    12 |       ||    12
